 Dungeon Crawl Stone Soup version 0.30-a0-222-ge547ba4400 (webtiles) character file.

Game seed: 14289666132139621966

123 qw the Chopper (level 5, -2/32 HPs)
             Began as a Gargoyle Fighter on Oct 8, 2022.
             Killed from afar by Ijyb (10 damage)
             ... with a bolt of dispelling energy
             ... on level 3 of the Dungeon.
             The game lasted 00:00:38 (1731 turns).

qw the Chopper (Gargoyle Fighter)                   Turns: 1731, Time: 00:00:39

Health: -2/32      AC: 14    Str: 18 (21) XL:     5   Next: 7%
Magic:  5/5        EV:  9    Int:  9      God:
Gold:   151        SH:  4    Dex:  6 (9)  Spells: 4/4 levels left

rFire   . . .      SeeInvis .    Y - +0 war axe
rCold   . . .      Faith    .    c - +0 buckler
rNeg    + . .      Spirit   .    b - +0 scale mail
rPois   inf        Reflect  .    (no helmet)
rElec   +          Harm     .    (no cloak)
rCorr   .          Rampage  .    (no gloves)
Will    .....                    (no boots)
Stlth   ..........               (no amulet)
HPRegen 0.25/turn                i - +4 ring of protection
MPRegen 0.09/turn                (no ring)

@: no status effects
A: sickness immunity, AC +4, negative energy resistance 1, electricity
resistance, torment resistance 1, petrification resistance
a: no special abilities


You were on level 3 of the Dungeon.
You visited 1 branch of the dungeon, and saw 3 of its levels.

You collected 151 gold pieces.


Innate Abilities, Weirdness & Mutations

You are immune to sickness and miasma.
Your stone body is resilient. (AC +4)
You are immune to poison.
You resist negative energy. (rN+)
You are resistant to electric shocks. (rElec)
You are resistant to unholy torment.
You are immune to petrification.


   Skills:
 - Level 3.2 Fighting
 + Level 4.6 Axes
 - Level 3.2 Armour
 - Level 3.2 Shields


You had 4 spell levels left.
You didn't know any spells.
Your spell library was empty.

Inventory:

Hand Weapons
 g - a +0 whip
 Y - a +0 war axe (weapon)
Armour
 b - a +0 scale mail (worn)
 c - a +0 buckler (worn)
Jewellery
 i - a +4 ring of protection (left hand)
Scrolls
 h - 2 scrolls of identify
Potions
 d - a potion of might
 e - a potion of curing

Dungeon Overview and Level Annotations

Branches:
Dungeon (3/15)

Altars:

Annotations:
D:3 Ijyb, Robin


Message History

Terence hits you with a +0 hand axe.
You hit Terence but do no damage.
Terence is almost dead.
You barely miss the hobgoblin. You hit Ijyb but do no damage.
The hobgoblin barely misses you. Terence hits you but does no damage.
Ijyb zaps a wand.
The bolt of dispelling energy hits you!
Ouch! That really hurt!
Ijyb hits you but does no damage. Terence screams, "I want your blood!"
Terence hits you with a +0 hand axe. You block the hobgoblin's attack.
You slash Terence!
You kill Terence!
You barely miss Ijyb. You barely miss the hobgoblin.
Ijyb screams, "Me stronger than you!"
Ijyb zaps a wand.
The bolt of dispelling energy hits you but does no damage.
The hobgoblin hits you but does no damage.
A goblin comes into view. It is wielding a +0 club.
You feel your intelligence returning.
You have reached level 5!
You slash Ijyb!
Ijyb is moderately wounded.
You hit the hobgoblin. You barely miss Robin.
Ijyb zaps a wand.
The bolt of dispelling energy hits you but does no damage.
The hobgoblin closely misses you. Robin hits you but does no damage.
You hit the hobgoblin.
The hobgoblin is severely wounded.
You barely miss Robin. You closely miss Ijyb. Ijyb barely misses you.
The hobgoblin misses you. Robin hits you but does no damage.
A goblin comes into view. It is wielding a +0 club.
You slash the hobgoblin!
You kill the hobgoblin!
You slash Robin! You closely miss Ijyb. Robin throws the goblin at you!
Ijyb completely misses you. The goblin hits you but does no damage.
Robin closely misses you.
A hobgoblin comes into view.
Ijyb zaps a wand.
The bolt of dispelling energy hits you!
You die...

####.####...#####
.....# #...#
.##### #...# .#
#%..# .# #...#####
# ##
##.##...####g##
####.##.....g....#
#......(..%g##....
.............@...#
.###.#......g)g#.#
#)...............
#..........#.#.#..
#.#>....#.#......
#.#.......#..#.##.
# #.....###..#.. #
.... .# #


You could see Ijyb, Robin, a hobgoblin and 2 goblins.

Vanquished Creatures
  Terence (D:3)
  An adder (D:2)
  6 gnolls
  An orc (D:3)
  3 bats
  4 endoplasms
  5 hobgoblins
  3 quokkas
  A ball python (D:1)
  2 frilled lizards
  3 goblins (D:2)
  2 kobolds (D:1)
  2 rats
34 creatures vanquished.

Notes
Turn   | Place    | Note
-------+----------+-------------------------------------------
     0 | D:1      | qw the Gargoyle Fighter began the quest for the Orb.
     0 | D:1      | Reached XP level 1. HP: 14/14 MP: 1/1
     0 | D:1      | 0 ||| qw: Version: 0.2-a-17-g06abaee
     0 | D:1      | 0 ||| qw: Game counter: 2047
     0 | D:1      | 0 ||| qw: Always use a shield: true
     0 | D:1      | 0 ||| qw: God list: Okawaru
     0 | D:1      | 0 ||| qw: Allow faded altars: false
     0 | D:1      | 0 ||| qw: Do Orc after D:15 true
     0 | D:1      | 0 ||| qw: Do second Lair branch before Depths: true
     0 | D:1      | 0 ||| qw: Lair rune preference: random
     0 | D:1      | 0 ||| qw: Plans: Normal, Zot:1-4, God:TSO, Crypt, Tomb,
                  | Pan, Slime:5, Hells, Abyss, Orb
     0 | D:1      | 0 ||| PLANNING D:1-11
   137 | D:1      | Reached skill level 2 in Axes
   735 | D:1      | 735 ||| UPGRADING to +4 ring of protection.
   736 | D:1      | 736 ||| READING 2 scrolls labelled INAISK BEIFFAB.
   737 | D:1      | 737 ||| READING 2 scrolls labelled IGIZACVEDEZ.
   738 | D:1      | 738 ||| READING 2 scrolls labelled RAW FIHATAN XAT.
   739 | D:1      | 739 ||| READING scroll labelled DESADE FOARY.
   740 | D:1      | 740 ||| READING scroll labelled WANLUVO USAOGI.
   745 | D:1      | 745 ||| DRINKING 2 bubbling grey potions.
   746 | D:1      | 746 ||| DROPPING scroll of noise.
   747 | D:1      | 747 ||| DROPPING scroll of blinking.
   790 | D:2      | 790 ||| Stepping ~*~*~tactically~*~*~ (stealth).
   793 | D:2      | Reached XP level 2. HP: 19/19 MP: 2/2
   846 | D:2      | 846 ||| Stepping ~*~*~tactically~*~*~ (hiding).
   852 | D:2      | 852 ||| STAIRDANCE
   855 | D:1      | Reached skill level 3 in Axes
   855 | D:1      | Reached XP level 3. HP: 23/23 MP: 3/3
   968 | D:2      | 968 ||| STAIRDANCE
   996 | D:2      | 996 ||| DROPPING +0 club.
  1106 | D:2      | 1106 ||| Stepping ~*~*~tactically~*~*~ (stealth).
  1109 | D:2      | 1109 ||| Stepping ~*~*~tactically~*~*~ (stealth).
  1115 | D:2      | 1115 ||| Stepping ~*~*~tactically~*~*~ (stealth).
  1123 | D:2      | 1123 ||| Stepping ~*~*~tactically~*~*~ (stealth).
  1194 | D:2      | Reached XP level 4. HP: 21/28 MP: 4/4
  1205 | D:2      | HP: 6/28 [gnoll/+0 halberd (4)]
  1206 | D:2      | Reached skill level 4 in Axes
  1437 | D:2      | Found a faded altar of an unknown god.
  1513 | D:2      | 1513 ||| Stepping ~*~*~tactically~*~*~ (stealth).
  1591 | D:2      | 1591 ||| READING 2 scrolls labelled NORPHU TEAFFUOSH.
  1592 | D:2      | 1592 ||| DRINKING 2 cyan potions.
  1593 | D:2      | 1593 ||| READING 2 scrolls of identify.
  1593 | D:2      | 1593 ||| IDENTIFYING green potion
  1594 | D:2      | 1594 ||| DROPPING potion of degeneration.
  1595 | D:2      | 1595 ||| DROPPING potion of invisibility.
  1596 | D:2      | 1596 ||| DROPPING scroll of fog.
  1699 | D:3      | 1699 ||| Stepping ~*~*~tactically~*~*~ (stealth).
  1719 | D:3      | Noticed Ijyb
  1720 | D:3      | Noticed Terence
  1726 | D:3      | Noticed Robin
  1727 | D:3      | HP: 5/28 [Terence/+0 hand axe (3)]
  1728 | D:3      | Killed Terence
  1729 | D:3      | Reached XP level 5. HP: 7/32 MP: 5/5
  1731 | D:3      | Killed from afar by Ijyb

Levels and vault maps discovered:
D:1:      minmay_arrival_doors, layout_basic
D:2:      layout_basic, hellmonk_ecumenical_altar_lost_god
D:3:      layout_loops_cross, bloody_trog, uniq_natasha, uniq_terence,
          uniq_robin, uniq_ijyb

Skill      XL: |  1  2  3  4 |
---------------+-------------+-----
Axes           | 2 3 4 |  4.6
Fighting       | |  3.2
Armour         | |  3.2
Shields        | |  3.2

Action                   |  1- 3 |  4- 6 || total
-------------------------+-------+-------++-------
Melee: War axe           |    58 |    59 ||   117
Throw: Boomerang         |       |     1 ||     1
  Use: Scroll            |     5 |     2 ||     7
       Potion            |     1 |     1 ||     2
Armor: Scale mail        |    21 |    41 ||    62
Dodge: Dodged            |    22 |    33 ||    55
Block: Buckler           |     8 |     8 ||    16

Table legend:
 A = Non-vault XP
 B = Vault XP
 C = Vault XP percentage of total XP
 D = Non-vault monster count
 E = Vault monster count
 F = Vault count percentage of total count
                 A         B        C        D         E       F
            +---------+---------+-------+---------+---------+-------
      Total |     139 |      40 |  22.3 |      32 |       2 |   5.9
            +---------+---------+-------+---------+---------+-------
        D:1 |      23 |       0 |   0.0 |       8 |       0 |   0.0
        D:2 |     105 |       0 |   0.0 |      18 |       0 |   0.0
        D:3 |      11 |      40 |  78.4 |       6 |       2 |  25.0
            +---------+---------+-------+---------+---------+-------
